 Dungeon Sprint DCSS version 0.21.1-1-g345015f (webtiles) character file.

884 doot the Nimble (level 7, 0/68 HPs)
             Began as a Black Draconian Warper on June 7, 2018.
             Engulfed by a cloud of noxious fumes (5 damage)
             ... in the Dungeon (Sprint V: "Ziggurat Sprint").
             The game lasted 00:02:07 (164 turns).

doot the Nimble (Black Draconian Warper)             Turns: 164, Time: 00:02:07

Health: 0/68       AC:  6    Str: 26    XL:     7   Next: 76%
Magic:  14/17      EV: 16    Int: 14    God:
Gold:   0          SH:  0    Dex: 11    Spells: 20/20 levels left

rFire    . . .     SeeInvis +   b - +9 heavy crossbow "Sniper" {velocity, Acc+∞ SInv}
rCold    . . .     Gourm    .   (shield currently unavailable)
rNeg     . . .     Faith    .   (armour unavailable)
rPois    .         Spirit   .   (helmet restricted)
rElec    +         Reflect  .   (no cloak)
rCorr    .         Harm     .   (no gloves)
MR       .....     NoTele   +   (no boots)
Stlth    +.........             (no amulet)
HPRegen  0.21/turn              K - +6 ring of strength
MPRegen  0.15/turn              L - +6 ring of strength

@: confused, very slightly contaminated
A: breathe lightning, unfitting armour, electricity resistance, cold-blooded, AC
+6
a: Breathe Lightning


You were in the Dungeon.
You were not hungry.

You visited 1 branch

Inventory:

Hand Weapons
 a - the +10 dark maul {crush}
   (You found it in the Dungeon)

   It inflicts extra damage upon your enemies.
 b - the +9 heavy crossbow "Sniper" (weapon) {velocity, Acc+∞ SInv}
   (You found it in the Dungeon)

   Any bolt fired from it inflicts extra damage.
   It lets you see invisible.
Missiles
 c - 5 tomahawks of dispersal
 q - 993 bolts (quivered)
Armour
 j - a +5 crystal plate armour
 k - +5 fire dragon scales
 l - +5 gold dragon scales
 m - +5 ice dragon scales
 n - a +5 plate armour
 o - +5 shadow dragon scales
 p - +5 storm dragon scales
Jewellery
 G - a +6 ring of dexterity
 H - a +6 ring of dexterity
 I - a +6 ring of intelligence
 J - a +6 ring of intelligence
 K - a +6 ring of strength (left hand)
 L - a +6 ring of strength (right hand)
Wands
 y - a wand of disintegration (7)
 E - a wand of iceblast (7)
 F - a wand of acid (7)
Scrolls
 r - 4 scrolls of amnesia
 s - 7 scrolls of fog
 t - a scroll of holy word
 u - 5 scrolls of identify
 v - 5 scrolls of remove curse
 w - 2 scrolls of fear
 O - 3 scrolls of blinking
Potions
 e - 10 potions of curing
 f - 10 potions of heal wounds
 g - 6 potions of haste
 h - 7 potions of magic
 i - 3 potions of berserk rage
 x - 2 potions of brilliance
 z - 2 potions of invisibility
 A - 4 potions of resistance
 B - a potion of experience
 C - 5 potions of agility
 D - 5 potions of might
Books
 N - a book of Spatial Translocations

   Spells                             Type                      Level
   a - Blink                          Translocation                2
   b - Shroud of Golubria             Charms/Translocation         2
   c - Lesser Beckoning               Translocation                3
   d - Gell's Gravitas                Translocation                3
   e - Teleport Other                 Translocation                3
   f - Passage of Golubria            Translocation                4
Miscellaneous
 M - a lightning rod (4/4)
 P - a sack of spiders
Comestibles
 d - 7 rations


   Skills:
 + Level 8.1 Fighting
 + Level 5.2 Maces & Flails
 * Level 7.6 Crossbows
 - Level 1.8 Throwing
 + Level 8.5 Dodging
 + Level 1.2 Stealth
 - Level 2.0 Unarmed Combat
 + Level 7.2 Spellcasting
   Level 3.0 Translocations


You had 20 spell levels left.
You didn't know any spells.

Dungeon Overview and Level Annotations

Branches:
Dungeon (1/1)

Altars:
Ashenzari
Cheibriados
Dithmenos
Elyvilon
Fedhas
Gozag
Hepliaklqana
Kikubaaqudgha
Makhleb
Nemelex Xobeh
Okawaru
Qazlal
Ru
Sif Muna
Trog
Uskayaw
Vehumet
Wu Jian
Xom
Yredelemnul
Zin
The Shining One
Beogh
Jiyva
Lugonu

Annotations:
D 1 transporter


Innate Abilities, Weirdness & Mutations

You can breathe wild blasts of lightning.
Your glossy black scales are hard. (AC +6)
You cannot fit into any form of body armour.
You are resistant to electric shocks. (rElec)
You are cold-blooded and may be slowed by cold attacks.


Message History

The rime drake appears confused.
The swamp drake breathes noxious fumes at you.
The noxious blast misses you.
Firing (i - inventory. (,) - cycle):
q - 995 bolts (quivered)
Press: ? - help, Shift-Dir - straight line, f/p - rime drake
Aim: a rime drake (severely wounded, confused, catching its breath)
You shoot a bolt.
You feel less confused.
The rime drake misses the swamp drake.
The swamp drake breathes noxious fumes at you.
The noxious blast misses you.
Firing (i - inventory. (,) - cycle):
q - 994 bolts (quivered)
Press: ? - help, Shift-Dir - straight line, f - swamp drake, p - rime drake
Aim: a swamp drake (noxious fumes, catching its breath)
You shoot a bolt. The bolt hits the swamp drake!!
You kill the swamp drake!
Your Fighting skill increases to level 8!
You are engulfed in noxious fumes.
You choke on the stench!
You are confused.
You die...

▓▓▓▓▓▓▓▓▓▓▓▓▓▓▓▓▓▓
▓.8©8.▓.8©8.▓.8©8.
▓."||.▓.|||.▓.....
▓.(}.(▓...†.▓.)...
▓.§..k▓.....▓.....
▓§§§.(▓.....▓.†)..
▓§§§..▓.....▓..©..
▓@§§§.▓..©..▓▓▓▓▓▓
▓▓▓▓▓▓▓▓▓▓▓▓▓


You could see a rime drake (confused).

Vanquished Creatures
  2 rime drakes (D)
  A swamp drake (D)
  A necrophage (D)
  A sky beast (D)
  A wight (D)
  A quasit (D)
  An ufetubus (D)
8 creatures vanquished.

Notes
Turn   | Place    | Note
-------+----------+-------------------------------------------
     0 | D        | Found the +6 Majin-Bo {vamp, Archmagi MP+6 Int+6}
     0 | D        | Found the +7 great mace "Firestarter" {inner flame, rF++}
     0 | D        | doot the Draconian Warper began the quest for the Orb.
     0 | D        | Reached XP level 1. HP: 17/17 MP: 3/3
     3 | D        | Found a blossoming altar of Fedhas.
     4 | D        | Found a viscous altar of Jiyva.
     4 | D        | Found a hazy altar of Hepliaklqana.
     4 | D        | Found a transporter.
     4 | D        | Found an opulent altar of Gozag.
     4 | D        | Found an ancient bone altar of Kikubaaqudgha.
     4 | D        | Found a corrupted altar of Lugonu.
    10 | D        | Found a burning altar of Makhleb.
    11 | D        | Found a stormy altar of Qazlal.
    11 | D        | Found a sacrificial altar of Ru.
    11 | D        | Found an iron altar of Okawaru.
    11 | D        | Found a deep blue altar of Sif Muna.
    11 | D        | Found a sparkling altar of Nemelex Xobeh.
    11 | D        | Found a bloodstained altar of Trog.
    30 | D        | Found the +9 heavy crossbow "Sniper" {velocity, Acc+∞ SInv}
    30 | D        | Found the +10 dark maul {crush}
    30 | D        | Found the +18 shield of the Gong {rElec rN+ MR+ EV-5}
    30 | D        | Found the cursed +14 obsidian axe {chop, +Fly SInv *Curse}
    50 | D        | Entered arena 2.
    50 | D        | Noticed a necrophage
    50 | D        | Noticed a wight
    50 | D        | Found a transporter.
    52 | D        | Killed a wight
    52 | D        | Reached skill level 1 in Throwing
    52 | D        | Reached XP level 2. HP: 26/26 MP: 4/6
    52 | D        | Reached XP level 3. HP: 31/31 MP: 4/7
    55 | D        | Killed a necrophage
    55 | D        | Reached skill level 5 in Dodging
    55 | D        | Reached XP level 4. HP: 30/41 MP: 5/10
   137 | D        | Entered arena 3.
   137 | D        | Noticed a sky beast
   137 | D        | Found a transporter.
   138 | D        | Killed a sky beast
   138 | D        | Reached skill level 5 in Fighting
   138 | D        | Reached skill level 5 in Spellcasting
   138 | D        | Reached XP level 5. HP: 48/48 MP: 10/12
   139 | D        | Reached skill level 5 in Maces & Flails
   156 | D        | Entered arena 4.
   156 | D        | Noticed a rime drake
   156 | D        | Noticed a swamp drake
   156 | D        | Noticed a rime drake
   156 | D        | Noticed a rime drake
   156 | D        | Found a transporter.
   158 | D        | Killed a rime drake
   158 | D        | Reached XP level 6. HP: 35/60 MP: 13/15
   158 | D        | Your scales start taking on a glossy black colour.
   158 | D        | Reached XP level 7. HP: 38/66 MP: 13/16
   158 | D        | Gained mutation: You are resistant to electric shocks. (rElec) [Black Draconian growth]
   158 | D        | HP: 3/66 [rime drake (7)]
   160 | D        | Killed a rime drake
   160 | D        | Reached skill level 1 in Stealth
   164 | D        | Engulfed by a cloud of noxious fumes

Skill      XL: |  1  2  3  4  5  6  7 |
---------------+----------------------+-----
Fighting       | 3 4 5 7 8 |  8.1
Maces & Flails | 2 4 5 |  5.2
Crossbows      | 2 3 4 6 7 |  7.6
Throwing       | 1 |  1.8
Dodging        | 3 5 7 8 |  8.5
Spellcasting   | 3 4 5 6 7 |  7.2
Stealth        | 1 |  1.2
Unarmed Combat | |  2.0
Translocations | |  3.0

Action                   |  1- 3 |  4- 6 |  7- 9 || total
-------------------------+-------+-------+-------++-------
 Fire: Heavy crossbow    |     5 |     5 |     4 ||    14
  Use: Scroll            |       |       |     2 ||     2
Armor: Skin              |     2 |     5 |     1 ||     8
Dodge: Dodged            |     5 |     8 |     6 ||    19
